 Dungeon Crawl Stone Soup version 0.29.0-4-gdea44cf6ec (webtiles) character file.

Game seed: 14117913613323604744

188 qw the Chopper (level 5, -4/30 HPs)
             Began as a Tengu Warper on Aug 28, 2022.
             Slain by a gnoll
             ... wielding a +0 spear
              (5 damage)
             ... on level 4 of the Dungeon.
             The game lasted 00:00:13 (2917 turns).

qw the Chopper (Tengu Warper)                       Turns: 2917, Time: 00:00:14

Health: -4/30      AC:  8    Str: 13    XL:     5   Next: 67%
Magic:  0/9        EV:  7    Int: 14    God:
Gold:   127        SH:  0    Dex: 13    Spells: 8/8 levels left

rFire   . . .      SeeInvis .   Y - +0 hand axe
rCold   . . .      Faith    .   (no shield)
rNeg    + . .      Spirit   +   g - +0 chain mail
rPois   .          Reflect  .   (helmet restricted)
rElec   .          Harm     .   (no cloak)
rCorr   +          Rampage  .   (no gloves)
Will    .....                   (boots unavailable)
Stlth   ..........              j - amulet of guardian spirit
HPRegen 0.10/turn               i - ring of positive energy
MPRegen 0.11/turn               b - ring of resist corrosion

@: flying quickly and evasively, quick
A: beak, talons 3, nimble flight
a: no special abilities


You were on level 4 of the Dungeon.
You visited 1 branch of the dungeon, and saw 4 of its levels.

You collected 153 gold pieces.
You spent 26 gold pieces at shops.


Innate Abilities, Weirdness & Mutations

You have a beak for a mouth.
You have claws for feet.
Your magical nature lets you fly swiftly and evasively.


   Skills:
 - Level 2.0 Fighting
 - Level 6.2 Axes
 - Level 1.0 Throwing
 + Level 1.4 Armour
 - Level 2.1 Dodging
 - Level 2.0 Spellcasting
 - Level 2.4 Translocations


You had 8 spell levels left.
You didn't know any spells.
Your spell library contained the following spells:

 Spells                   Type           Power      Damage    Failure   Level
 Blink                    Tloc           16%        N/A       99%         2
 Gell's Gravitas          Tloc           8%         N/A       100%        3
 Lesser Beckoning         Tloc           8%         N/A       100%        3
 Teleport Other           Tloc           8%         N/A       100%        3
 Manifold Assault         Tloc           8%         N/A       100%        5

Inventory:

Hand Weapons
 f - a +0 flail
 Y - a +0 hand axe (weapon)
Armour
 g - a +0 chain mail (worn)
Jewellery
 b - a ring of resist corrosion (right hand)
 i - a ring of positive energy (left hand)
 j - an amulet of guardian spirit (around neck)
Scrolls
 c - a scroll of identify
Potions
 a - a potion of berserk rage {unknown}
 d - a potion of curing

Dungeon Overview and Level Annotations

Branches:
Dungeon (4/15)
 Temple: D:4-7

Altars:

Shops:
D:3 *

Annotations:
D:4 Dowan, Duvessa


Message History

Dowan hits you but does no damage.
You hit Duvessa. You claw Duvessa, but do no damage.
Duvessa is lightly wounded.
You hit Dowan but do no damage.
The gnoll hits you from afar with a +0 spear.
Duvessa hits you but does no damage.
The gnoll hits you from afar with a +0 spear.
Dowan hits you but does no damage.
You hit Duvessa but do no damage. Your peck misses Duvessa.
Duvessa is lightly wounded.
You hit Dowan.
The gnoll hits you from afar with a +0 spear.
Duvessa hits you but does no damage. The gnoll hits you but does no damage.
Dowan hits you with a +0 dagger.
You barely miss Duvessa. You claw Duvessa, but do no damage.
Duvessa is lightly wounded.
You miss Dowan. The gnoll misses you. Duvessa hits you with a +0 short sword.
The gnoll barely misses you. Dowan barely misses you.
You hit Duvessa but do no damage. You claw Duvessa, but do no damage.
Duvessa is lightly wounded.
You hit Dowan. The gnoll barely misses you.
Duvessa hits you but does no damage. The gnoll hits you but does no damage.
Dowan smirks and points a slender finger.
Dowan hits you with a +0 dagger.
You closely miss Dowan. You claw Dowan. Your peck misses Dowan.
Dowan is moderately wounded.
You hit Duvessa but do no damage.
The gnoll hits you from afar with a +0 spear.
Duvessa barely misses you.
The gnoll hits you from afar with a +0 spear.
Dowan barely misses you.
You barely miss Dowan. You claw Dowan, but do no damage.
Dowan is moderately wounded.
You closely miss Duvessa.
The gnoll hits you from afar with a +0 spear.
Duvessa hits you with a +0 short sword.
The gnoll hits you from afar with a +0 spear.
You die...

.. #... ....
#.#.#######
#....g....# .
#gge@..+ ...
#.#e...#
#....#.#..#<...+
#.....#..###
.#.#####.##.####
................
.#.####<########
#.............
##......######


You could see Duvessa, Dowan, 2 gnolls and a goblin.

Vanquished Creatures
  An ogre (D:3)
  Terence (D:3)
  3 adders
  A gnoll (D:4)
  2 dart slugs
  An orc (D:3)
  4 ball pythons
  3 endoplasms
  4 goblins
  2 hobgoblins (D:2)
  3 kobolds
  2 quokkas
  5 bats
  4 frilled lizards
  2 rats (D:2)
38 creatures vanquished.

Notes
Turn   | Place    | Note
-------+----------+-------------------------------------------
     0 | D:1      | qw the Tengu Warper began the quest for the Orb.
     0 | D:1      | Reached XP level 1. HP: 12/12 MP: 4/4
     0 | D:1      | 0 ||| qw: Version: 0.1-a-89-g26bdef1
     0 | D:1      | 0 ||| qw: Game counter: 2780
     0 | D:1      | 0 ||| qw: Always use a shield: true
     0 | D:1      | 0 ||| qw: God list: Okawaru
     0 | D:1      | 0 ||| qw: Allow faded altars: false
     0 | D:1      | 0 ||| qw: Do Orc after D:15 true
     0 | D:1      | 0 ||| qw: Do second Lair branch before Depths: true
     0 | D:1      | 0 ||| qw: Lair rune preference: random
     0 | D:1      | 0 ||| qw: Plans: Normal
     0 | D:1      | 0 ||| PLANNING D:1-11
   489 | D:1      | HP: 3/12 [kobold/+0 whip (5)]
   494 | D:1      | Reached XP level 2. HP: 5/17 MP: 6/6
   889 | D:1      | Reached skill level 3 in Axes
   945 | D:1      | Found a faded altar of an unknown god.
  1171 | D:1      | 1171 ||| UPGRADING to +0 ring mail.
  1181 | D:1      | 1181 ||| DROPPING +0 leather armour.
  1182 | D:1      | 1182 ||| UPGRADING to amulet of guardian spirit.
  1187 | D:1      | 1187 ||| UPGRADING to ring of positive energy.
  1188 | D:1      | 1188 ||| READING scroll labelled LELATWIKHLA.
  1189 | D:1      | 1189 ||| READING 3 scrolls labelled BUEF ETODEI.
  1190 | D:1      | 1190 ||| READING scroll labelled YPSUFA ME OBB.
  1191 | D:1      | 1191 ||| READING scroll labelled BYKKUH IGEM.
  1194 | D:1      | 1194 ||| DRINKING 2 green potions.
  1195 | D:1      | 1195 ||| DROPPING scroll of blinking.
  1196 | D:1      | 1196 ||| DROPPING 2 scrolls of magic mapping.
  1598 | D:2      | Reached XP level 3. HP: 18/21 MP: 5/7
  1771 | D:2      | Reached skill level 4 in Axes
  1771 | D:2      | 1771 ||| FLEEEEING.
  1779 | D:2      | 1779 ||| Stepping ~*~*~tactically~*~*~ (stealth).
  1780 | D:2      | 1780 ||| Stepping ~*~*~tactically~*~*~ (stealth).
  1781 | D:2      | 1781 ||| Stepping ~*~*~tactically~*~*~ (stealth).
  1984 | D:2      | 1984 ||| READING scroll labelled JYAKUV HEVE.
  1985 | D:2      | 1985 ||| READING scroll labelled YPSOFI URAH.
  1986 | D:2      | 1986 ||| DRINKING 2 fuming golden potions.
  2020 | D:2      | 2020 ||| DROPPING potion of lignification.
  2070 | D:3      | 2070 ||| Stepping ~*~*~tactically~*~*~ (stealth).
  2072 | D:3      | 2072 ||| Stepping ~*~*~tactically~*~*~ (stealth).
  2096 | D:3      | Found Umiuw's Assorted Antiques.
  2105 | D:3      | 2105 ||| SHOPLISTING chain mail (130 gold, have 76).
  2105 | D:3      | 2105 ||| SHOPLISTING potion of heal wounds (145 gold, have
                  | 76).
  2105 | D:3      | 2105 ||| SHOPLISTING scroll of enchant armour (217 gold,
                  | have 76).
  2105 | D:3      | 2105 ||| SHOPLISTING scroll of teleportation (87 gold, have
                  | 76).
  2105 | D:3      | 2105 ||| BUYING smoky sapphire potion (26 gold).
  2105 | D:3      | Bought a smoky sapphire potion for 26 gold pieces
  2113 | D:3      | 2113 ||| Stepping ~*~*~tactically~*~*~ (hiding).
  2247 | D:3      | Noticed Terence
  2259 | D:3      | HP: 2/21 [Terence/+0 flail (6)]
  2260 | D:3      | 2260 ||| DRINKING 2 potions of heal wounds.
  2268 | D:3      | HP: 5/21 [Terence/+0 flail (1)]
  2269 | D:3      | 2269 ||| DRINKING potion of heal wounds.
  2271 | D:3      | Killed Terence
  2272 | D:3      | Reached XP level 4. HP: 26/26 MP: 0/8
  2339 | D:3      | 2339 ||| DROPPING +0 whip.
  2393 | D:3      | Identified the +2 spear "Weturpho" {vorpal, rF- rN+ Int+3
                  | Stlth+}
  2443 | D:3      | Reached skill level 5 in Axes
  2824 | D:3      | Noticed an ogre
  2829 | D:3      | Killed an ogre
  2830 | D:3      | Reached skill level 6 in Axes
  2830 | D:3      | Gained mutation: Your magical nature lets you fly swiftly
                  | and evasively. [Tengu growth]
  2830 | D:3      | Reached XP level 5. HP: 30/30 MP: 9/9
  2871 | D:3      | 2871 ||| UPGRADING to +0 chain mail.
  2881 | D:3      | 2881 ||| DROPPING +0 ring mail.
  2882 | D:3      | 2882 ||| UPGRADING to ring of resist corrosion.
  2883 | D:3      | 2883 ||| READING 2 scrolls labelled YBUAWO BOCEON.
  2884 | D:3      | 2884 ||| DRINKING 2 smoky sapphire potions.
  2901 | D:4      | 2901 ||| Stepping ~*~*~tactically~*~*~ (hiding).
  2901 | D:4      | Noticed Duvessa
  2903 | D:4      | 2903 ||| Stepping ~*~*~tactically~*~*~ (hiding).
  2904 | D:4      | 2904 ||| Stepping ~*~*~tactically~*~*~ (hiding).
  2906 | D:4      | Noticed Dowan
  2914 | D:4      | HP: 6/30 [Duvessa/+0 short sword (2)]
  2916 | D:4      | HP: 2/30 [gnoll/+0 spear (1)]
  2917 | D:4      | Slain by a gnoll

Levels and vault maps discovered:
D:1:      dpeg_arrival_pits, layout_loops_ring,
          shapermc_ecumenical_altar_flowoftime
D:2:      layout_basic, item_on_display_a
D:3:      layout_loops_ring, serial_shops, nicolae_shop_overgrown_old_shop,
          uniq_terence
D:4:      layout_basic, minmay_temple_entry_ruins, kennysheep_nondescript,
          grunt_ministairs_14, hangedman_decor_diamond_cutter, uniq_duvessa

Skill      XL: |  1  2  3  4 |
---------------+-------------+-----
Axes           | 3 4 6 |  6.2
Fighting       | |  2.0
Throwing       | |  1.0
Armour         | |  1.4
Dodging        | |  2.1
Spellcasting   | |  2.0
Translocations | |  2.4

Action                   |  1- 3 |  4- 6 || total
-------------------------+-------+-------++-------
Melee: Hand axe          |    81 |    30 ||   111
       Kick              |    20 |    13 ||    33
       Peck              |    11 |     5 ||    16
       Punch             |     1 |       ||     1
Throw: Boomerang         |     7 |       ||     7
  Use: Scroll            |     6 |     1 ||     7
       Potion            |     4 |     1 ||     5
Armor: Leather armour    |     3 |       ||     3
       Ring mail         |    17 |     5 ||    22
       Chain mail        |       |    10 ||    10
Dodge: Dodged            |    38 |    23 ||    61

Table legend:
 A = Non-vault XP
 B = Vault XP
 C = Vault XP percentage of total XP
 D = Non-vault monster count
 E = Vault monster count
 F = Vault count percentage of total count
                 A         B        C        D         E       F
            +---------+---------+-------+---------+---------+-------
      Total |     233 |      36 |  13.4 |      37 |       1 |   2.6
            +---------+---------+-------+---------+---------+-------
        D:1 |      12 |       0 |   0.0 |       7 |       0 |   0.0
        D:2 |      55 |       0 |   0.0 |      18 |       0 |   0.0
        D:3 |     153 |      36 |  19.0 |      11 |       1 |   8.3
        D:4 |      13 |       0 |   0.0 |       1 |       0 |   0.0
            +---------+---------+-------+---------+---------+-------
